 Dungeon Crawl Stone Soup version 0.31-a0-996-g3b49de5836 (webtiles) character file.

Game seed: 2082708902952052232

14 GordonOverkill the Sneak (level 2, -7/16 HPs)
             Began as a Spriggan Delver on Nov 7, 2023.
             Mangled by a hell rat (10 damage)
             ... in a sewer.
             The game lasted 00:02:19 (574 turns).

GordonOverkill the Sneak (Spriggan Delver)           Turns: 574, Time: 00:02:20

Health: -7/16      AC:  2    Str:  8    XL:     2   Next: 31%
Magic:  3/3        EV: 17    Int: 11    God:
Gold:   6          SH:  0    Dex: 16    Spells: 1/1 levels left

rFire   . . .        a - +0 short sword
rCold   . . .        (no shield)
rNeg    . . .        b - +0 robe
rPois   .            (helmet restricted)
rElec   .            (no cloak)
rCorr   .            (gloves unavailable)
SInv    +            (boots unavailable)
Will    .....        (no amulet)
Stlth   ++           (no ring)
HPRegen 0.22/turn    (no ring)
MPRegen 0.08/turn

%: no passive effects
@: slow
A: very small, no large weapons, unfitting armour, see invisible, speed 3
a: no special abilities


You were in a sewer.
You visited 1 branch of the dungeon, and saw 3 of its levels.
You also visited: Sewer.

You collected 6 gold pieces.

Inventory:

Hand Weapons
 a - a +0 short sword (weapon)
 h - a +0 sling
Armour
 b - a +0 robe (worn)
Wands
 g - a wand of digging (3)
Scrolls
 c - a scroll of fog
 d - a scroll of revelation
 e - a scroll of fear
Potions
 f - a potion of haste


   Skills:
 - Level 3.0 Fighting
 - Level 2.1 Short Blades
 + Level 0.8 Ranged Weapons
 - Level 2.6 Dodging
 - Level 7.2 Stealth


You had one spell level left.
You didn't know any spells.
Your spell library was empty.

Dungeon Overview and Level Annotations

Branches:
Dungeon (6/15)              Sewer (1/1)
 Temple: D:4-7

Altars:


Innate Abilities, Weirdness & Mutations

You are very small and have problems with some larger weapons.
You are too small for most types of armour.
You have supernaturally acute eyesight. (SInv)
You cover ground extremely quickly. (Speed+++)


Message History

The rat misses you.
You hit the rat.
You kill the rat!
Training target 3.0 for Fighting reached!
Your Fighting skill increases to level 3!
You hit the rat but do no damage. The rat barely misses you.
You hit the rat.
You kill the rat!
No target in view!
No target in view!
You start resting.
HP restored.
You enter the shallow water.
Moving in this stuff is going to be slow.
You see here a rat corpse.
You enter the shallow water.
Moving in this stuff is going to be slow.
You enter the shallow water.
Moving in this stuff is going to be slow.
You enter the shallow water.
Moving in this stuff is going to be slow.
You enter the shallow water.
Moving in this stuff is going to be slow.
You open the door.
A hell rat comes into view.
Found four items.
Found a gate leading back out of this place.
Found 4 scrolls labelled ITUDAI NENWO and a potion of haste.
There is an open door here.
You enter the shallow water.
Moving in this stuff is going to be slow.
The helpless hell rat fails to defend itself.
You puncture the hell rat!
The hell rat is severely wounded.
The hell rat bites you!
Ouch! That really hurt!
* * * LOW HITPOINT WARNING * * *
The hell rat attacks as it pursues you! The hell rat bites you!
Ouch! That really hurt!
You die...

#########
#~~~∩.~~###
#~~.~.∩.~~..###
#r.r.~#####~~~~.#
##~.~###!∩?###~~.##
#.~.##.??[!!.##~~.#
#~..#~.~~~~..~#.~~#
#~~.##~~~r~~~##†~.#
#~~.###.@~###...##
#~.~~.##'##.~~~~#
###.....~.~..~###
###..~.~~~###
#########


You could see a hell rat.

Vanquished Creatures
  2 orcs (D:4)
  2 ball pythons (D:4)
  An endoplasm (D:4)
  A goblin (D:4)
  A hobgoblin (D:4)
  5 rats
12 creatures vanquished.

Notes
Turn   | Place    | Note
-------+----------+-------------------------------------------
     0 | D:5      | GordonOverkill the Spriggan Delver began the quest for the
                  | Orb.
     0 | D:5      | Reached XP level 1. HP: 11/11 MP: 2/2
   151 | D:5      | Noticed an orc wizard
   207 | D:4      | Found a glowing drain.
   331 | D:4      | Reached XP level 2. HP: 16/16 MP: 3/3
   416 | Sewer    | Entered a sewer
   574 | Sewer    | Mangled by a hell rat

Illustrated notes

Levels and vault maps discovered:
D:4:      layout_cave_pools, portal_sewer_entry_b
D:5:      layout_gridville, minmay_puff
D:6:      layout_basic, nemelex_diamond_rough_becter, lemuel_tele_altar,
          nicolae_ru_path_of_blood, gammafunk_ghost_split, serial_shops, shop
Sewer:    sewer_hellmonk_bad_rat

Skill      XL: |  1  2 |
---------------+-------+-----
Fighting       | 3 |  3.0
Short Blades   | |  2.1
Ranged Weapons | |  0.8
Dodging        | |  2.6
Stealth        | |  7.2

Action                     || total
---------------------------++-------
  Melee: Short sword       ||    15
   Fire: Sling             ||    35
   Stab: Sleeping          ||     3
 Armour: Robe              ||     7
  Dodge: Dodged            ||    16

Table legend: (Time is in decaauts)
 A = Elapsed time spent in this place.
 B = Non-inter-level travel time spent in this place.
 C = Inter-level travel time spent in this place.
 D = Time resting spent in this place.
 E = Time spent auto-exploring this place.
 F = Levels seen in this place.
 G = Mean time per level.
                   A        B        C        D        E       F      G
               +--------+--------+--------+--------+--------+-----+--------+
         Total |    445 |    435 |     10 |    125 |     69 |   4 |  111.2 |
       Dungeon |    295 |    285 |     10 |     19 |     69 |   3 |   98.3 |
         Sewer |    149 |    149 |      0 |    106 |      0 |   1 |  149.0 |
               +--------+--------+--------+--------+--------+-----+--------+

Top non-repeatable levels by time:
     D:4: 171 daAuts
   Sewer: 149 daAuts
     D:5: 116 daAuts
     D:6: 7 daAuts
